 Dungeon Crawl Stone Soup version 0.28-a0-476-g0f06bd746f (webtiles) character file.

Game seed: 2351141754174504644

122 bande the Covered (level 5, -4/33 HPs)
             Began as a Gargoyle Fighter on Sept 16, 2021.
             Slain by a gnoll (5 damage)
             ... on level 3 of the Dungeon.
             The game lasted 00:05:32 (3564 turns).

bande the Covered (Gargoyle Fighter)                Turns: 3564, Time: 00:05:32

Health: -4/33      AC: 14    Str: 25    XL:     5   Next: 6%
Magic:  5/5        EV: 10    Int:  9    God:
Gold:   15         SH:  5    Dex: 10    Spells: 4/4 levels left

rFire   + . .      SeeInvis .   a - +0 war axe
rCold   . . .      Faith    .   c - +1 buckler
rNeg    + . .      Spirit   .   b - +0 scale mail
rPois   ∞          Reflect  .   (no helmet)
rElec   +          Harm     .   k - +2 cloak
rCorr   .          Rampage  .   (no gloves)
Will    .....                   (no boots)
Stlth   ..........              (no amulet)
HPRegen 0.11/turn               n - ring of protection from fire
MPRegen 0.09/turn               f - +6 ring of strength

@: no status effects
A: sickness immunity, AC +4, negative energy resistance 1, electricity
resistance, torment resistance 1, petrification resistance
a: no special abilities


You were on level 3 of the Dungeon.
You visited 1 branch of the dungeon, and saw 3 of its levels.

You collected 70 gold pieces.
You spent 55 gold pieces at shops.

Inventory:

Hand Weapons
 a - a +0 war axe (weapon)
 m - a +0 flail
Armour
 b - a +0 scale mail (worn)
 c - a +1 buckler (worn)
 k - a +2 cloak (worn)
Jewellery
 f - a +6 ring of strength (right hand)
 j - a ring of positive energy
 n - a ring of protection from fire (left hand)
Scrolls
 e - a scroll of amnesia
 h - a scroll of enchant armour
Potions
 d - a potion of might
 g - a potion of brilliance
 i - 2 potions of heal wounds
 l - a potion of invisibility {unknown}


   Skills:
 + Level 3.8 Fighting
 + Level 3.3 Axes
 + Level 4.1 Armour
 + Level 3.8 Shields


You had 4 spell levels left.
You didn't know any spells.
Your spell library contained the following spells:

 Spells                   Type           Power      Damage    Failure   Level
 Freeze                   Ice            0%         1d3       67%         1
 Frozen Ramparts          Ice            0%         1d2       96%         3
 Hailstorm                Conj/Ice       0%         3d3       100%        4


Dungeon Overview and Level Annotations

Branches:
Dungeon (3/15)

Altars:
Fedhas

Shops:
D:2 =!:


Innate Abilities, Weirdness & Mutations

You are immune to sickness and miasma.
Your stone body is resilient. (AC +4)
You are immune to poison.
You resist negative energy. (rN+)
You are resistant to electric shocks. (rElec)
You are resistant to unholy torment.
You are immune to petrification.


Message History

You hit the hobgoblin but do no damage. You block the hobgoblin's attack.
You slash the hobgoblin!
You kill the hobgoblin!
Things that are here:
a +0 flail; a gnoll corpse
There is a stone staircase leading down here.
Things that are here:
a +0 flail; a gnoll corpse
m - a +0 flail
There is a stone staircase leading down here.
You start resting.
HP restored.
You climb downwards.
You block the gnoll's attack. The gnoll hits you but does no damage.
The gnoll sergeant hits you from afar with a +2 spear of venom.
The gnoll barely misses you.
There is a stone staircase leading up here.
The gnoll barely misses you. The gnoll sergeant closely misses you.
The gnoll hits you but does no damage. The gnoll sergeant blocks your attack.
You hit the gnoll but do no damage. The gnoll hits you but does no damage.
The gnoll sergeant hits you with a +2 spear of venom!
The gnoll hits you but does no damage.
You slash the gnoll sergeant!
The gnoll sergeant is moderately wounded.
You slash the gnoll!
The gnoll hits you from afar with a +0 spear.
The gnoll sergeant hits you with a +2 spear of venom!
* * * LOW HITPOINT WARNING * * *
You block the gnoll's attack. The gnoll hits you but does no damage.
The gnoll sergeant hits you with a +2 spear of venom.
* * * LOW HITPOINT WARNING * * *
The gnoll hits you but does no damage. The gnoll barely misses you.
The gnoll sergeant hits you from afar with a +2 spear of venom.
* * * LOW HITPOINT WARNING * * *
The gnoll barely misses you.
There is a stone staircase leading up here.
The gnoll hits you from afar with a +0 spear.
You die...

#.# .....# #.### #.# #..#.#
#.# #.# # ##..#.# #.# ..#
######.##..#.# #.# ..#
#..........#.# #.# ..##
#.#.#####....##### #.#
...###.#......g.......# #.#
.#.g...#####..g....##.###.#
...##..##g...#g.@.........#
#.###..g...#...#...##.#####
#.# ##.###.#####.####.# #.#
#.# ..# #......# #.#
#.##..# #.###### #..
......# #.# #.# #.###.. ..#
#.# ... ... #.# #.. .. ...


You could see a gnoll sergeant and 2 gnolls.

Vanquished Creatures
  Crazy Yiuf (D:2)
  2 gnolls
  3 adders
  A worm (D:2)
  3 endoplasms
  2 giant cockroaches (D:2)
  3 goblins
  6 hobgoblins
  2 jackals (D:3)
  2 quokkas
  4 ball pythons
  7 bats
  3 frilled lizards
  4 kobolds
  4 rats
47 creatures vanquished.

Notes
Turn   | Place    | Note
-------+----------+-------------------------------------------
     0 | D:1      | bande the Gargoyle Fighter began the quest for the Orb.
     0 | D:1      | Reached XP level 1. HP: 14/14 MP: 1/1
   676 | D:1      | Reached XP level 2. HP: 19/19 MP: 2/2
  1154 | D:1      | Found a faded altar of an unknown god.
  1614 | D:2      | Reached XP level 3. HP: 23/23 MP: 3/3
  2020 | D:2      | Found a runed translucent door.
  2021 | D:2      | Noticed Crazy Yiuf
  2075 | D:2      | Found Woirug's Distillery.
  2083 | D:2      | Bought a potion of heal wounds for 55 gold pieces
  2153 | D:2      | Found Baez Nez's Book Emporium.
  2343 | D:2      | Reached XP level 4. HP: 29/29 MP: 4/4
  2346 | D:2      | Found Sotalarph's Jewellery Shop.
  2649 | D:2      | Killed Crazy Yiuf
  2650 | D:2      | Reached skill level 4 in Armour
  3010 | D:3      | Found a blossoming altar of Fedhas.
  3035 | D:3      | Noticed a gnoll sergeant
  3400 | D:2      | Reached XP level 5. HP: 15/33 MP: 5/5
  3563 | D:3      | HP: 1/33 [gnoll sergeant (2)]
  3564 | D:3      | Slain by a gnoll

Illustrated notes

Levels and vault maps discovered:
D:1:      dpeg_arrival_round_a, layout_basic,
          dreamdust_ecumenical_altar_angels_and_demons, nrook_mini_backslash,
          minmay_tetromino_s2
D:2:      layout_loops_ring, serial_shops, shop, shop, nicolae_shop_trees,
          uniq_crazy_yiuf_cottage
D:3:      layout_loops_ring, okawaru_metal_pillars_1_2,
          mainiacjoe_overflow_large_starburst, serial_shops,
          nicolae_shop_crystal

Skill      XL: |  1  2  3  4 |
---------------+-------------+-----
Axes           | 2 3 |  3.3
Armour         | 4 |  4.1
Fighting       | |  3.8
Shields        | |  3.8

Action                   |  1- 3 |  4- 6 || total
-------------------------+-------+-------++-------
Melee: War axe           |   111 |    41 ||   152
  Use: Scroll            |     7 |       ||     7
       Potion            |     1 |       ||     1
Armor: Scale mail        |    69 |    34 ||   103
Dodge: Dodged            |    64 |    36 ||   100
Block: Buckler           |    31 |    23 ||    54

Table legend: (Time is in decaauts)
 A = Elapsed time spent in this place.
 B = Non-inter-level travel time spent in this place.
 C = Inter-level travel time spent in this place.
 D = Time resting spent in this place.
 E = Time spent auto-exploring this place.
 F = Levels seen in this place.
 G = Mean time per level.
                   A        B        C        D        E       F      G
               +--------+--------+--------+--------+--------+-----+--------+
         Total |   3624 |   3500 |    124 |    913 |   2051 |   3 | 1208.0 |
       Dungeon |   3624 |   3500 |    124 |    913 |   2051 |   3 | 1208.0 |
               +--------+--------+--------+--------+--------+-----+--------+

Top non-repeatable levels by time:
     D:2: 1678 daAuts
     D:1: 1624 daAuts
     D:3: 321 daAuts
